 Dungeon Crawl Stone Soup version 0.30-a0-779-g7971cf19c3 (webtiles) character file.

Game seed: 10367424659167660358

7 Goldberg the Cudgeller (level 2, 27/29 HPs)
             Began as an Ogre Gladiator on Feb 17, 2023.
             Quit the game on level 1 of the Dungeon.
             The game lasted 00:00:31 (60 turns).

Goldberg the Cudgeller (Ogre Gladiator)               Turns: 60, Time: 00:00:32

Health: 27/29      AC:  3    Str: 17    XL:     2   Next: 4%
Magic:  2/2        EV: 10    Int:  9    God:
Gold:   0          SH:  0    Dex: 10    Spells: 1/1 levels left

rFire   . . .      SeeInvis .    a - +0 flail
rCold   . . .      Faith    .    (no shield)
rNeg    . . .      Spirit   .    b - +0 robe
rPois   .          Reflect  .    c - +0 hat
rElec   .          Harm     .    (no cloak)
rCorr   .          Rampage  .    (gloves unavailable)
Will    .....                    (boots unavailable)
Stlth   +                        (no amulet)
HPRegen 0.24/turn                (no ring)
MPRegen 0.08/turn                (no ring)

@: no status effects
A: large, unfitting armour, tough skin 1
a: no special abilities


You were on level 1 of the Dungeon.
You visited 1 branch of the dungeon, and saw 1 of its levels.

Inventory:

Hand Weapons
 a - a +0 flail (weapon)
Missiles
 d - 3 throwing nets (quivered)
 e - a large rock
Armour
 b - a +0 robe (worn)
 c - a +0 hat (worn)


   Skills:
 + Level 2.8 Fighting
 + Level 2.9 Maces & Flails
 + Level 2.0 Throwing
 + Level 2.9 Dodging


You had one spell level left.
You didn't know any spells.
Your spell library was empty.

Dungeon Overview and Level Annotations

Branches:
Dungeon (1/15)

Altars:


Innate Abilities, Weirdness & Mutations

You are too large for most types of armour.
You have tough skin. (AC +1)


Message History

The hobgoblin hits you.
You barely miss the hobgoblin. The giant cockroach barely misses you.
The hobgoblin barely misses you.
You closely miss the goblin. The giant cockroach barely misses you.
The goblin closely misses you. The hobgoblin hits you.
The giant cockroach closely misses you.
You barely miss the goblin. The goblin closely misses you.
The hobgoblin closely misses you. The giant cockroach closely misses you.
The hobgoblin barely misses you. The goblin hits you but does no damage.
You hit the goblin.
You kill the goblin!
The giant cockroach bites you.
The giant cockroach bites you but does no damage.
The hobgoblin hits you but does no damage.
You barely miss the giant cockroach.
The giant cockroach bites you but does no damage.
The hobgoblin barely misses you.
The giant cockroach bites you but does no damage.
You hit the giant cockroach but do no damage.
The hobgoblin hits you.
The giant cockroach completely misses you.
The hobgoblin barely misses you.
You hit the giant cockroach.
You kill the giant cockroach!
The hobgoblin barely misses you.
You hit the rat but do no damage. The rat bites you but does no damage.
The hobgoblin barely misses you.
You thump the rat!
You kill the rat!
The hobgoblin completely misses you.
You sock the hobgoblin!
You kill the hobgoblin!
HP restored.
A goblin comes into view. It is wielding a +0 club.
The goblin hits you with a +0 club.
You hit the goblin.
You kill the goblin!
You have reached level 2!
Unknown command.
Are you sure you want to abandon this character and quit the game? (Confirm with "yes".)

#........#..#
#......†.##.## ...
#........##..#
...#
#........###.# ###
#...# #........#
#.# #......#
#####...## #.#
#.#.... ###.#
#.###.#..# # #.##
#..##.).##.##
.....##...@.......
..............#..#
##....)....####
#..#.†#...#
#.........#
#......##...
.......# #.#...
....... ..####
....... #..


There were no monsters in sight!

Vanquished Creatures
  A giant cockroach (D:1)
  2 goblins (D:1)
  2 hobgoblins (D:1)
  A rat (D:1)
6 creatures vanquished.

Notes
Turn   | Place    | Note
-------+----------+-------------------------------------------
     0 | D:1      | Goldberg the Ogre Gladiator began the quest for the Orb.
     0 | D:1      | Reached XP level 1. HP: 22/22 MP: 1/1
    60 | D:1      | Reached XP level 2. HP: 27/29 MP: 2/2
    60 | D:1      | Quit the game

Illustrated notes

Levels and vault maps discovered:
D:1:      dpeg_arrival_tiny_j, layout_rooms

Action                     || total
---------------------------++-------
  Melee: Flail             ||    12
 Armour: Robe              ||     6
  Dodge: Dodged            ||    15

Table legend: (Time is in decaauts)
 A = Elapsed time spent in this place.
 B = Non-inter-level travel time spent in this place.
 C = Inter-level travel time spent in this place.
 D = Time resting spent in this place.
 E = Time spent auto-exploring this place.
 F = Levels seen in this place.
 G = Mean time per level.
                   A        B        C        D        E       F      G
               +--------+--------+--------+--------+--------+-----+--------+
         Total |     63 |     63 |      0 |      0 |     35 |   1 |   63.0 |
       Dungeon |     63 |     63 |      0 |      0 |     35 |   1 |   63.0 |
               +--------+--------+--------+--------+--------+-----+--------+

Top non-repeatable levels by time:
     D:1: 63 daAuts
